 Dungeon Crawl Stone Soup version 0.31.0-9-g3a7656b989 (webtiles) character file.

Game seed: 14251298730974960526

4093 qw the Nimble (level 10, -10/51 HPs)
             Began as a Spriggan Hunter on Feb 2, 2024.
             Was a Follower of Okawaru.
             Mangled by a two-headed ogre
             ... wielding a +0 giant club
              (26 damage)
             ... on level 8 of the Dungeon.
             The game lasted 00:00:33 (5612 turns).

qw the Nimble (Spriggan Hunter)                     Turns: 5612, Time: 00:00:34

Health: -10/51     AC:  4    Str:  7    XL:     10   Next: 5%
Magic:  12/14      EV: 37    Int: 11    God:    Okawaru [*.....]
Gold:   159        SH:  0    Dex: 29    Spells: 9/9 levels left

rFire   + . .        a - +1 shortbow (drain)
rCold   . . .        (shield currently unavailable)
rNeg    . . .        o - +1 troll leather armour
rPois   .            (helmet restricted)
rElec   .            b - scarf {repulsion}
rCorr   .            (gloves unavailable)
SInv    +            (boots unavailable)
Will    +....        (no amulet)
Stlth   ++++         d - +6 ring of dexterity
HPRegen 1.08/turn    g - ring of protection from fire
MPRegen 0.14/turn

%: repel missiles
@: heroic, very quick
A: very small, no large weapons, unfitting armour, see invisible, speed 3
a: Renounce Religion, Heroism


You were on level 8 of the Dungeon.
You worshipped Okawaru.
Okawaru was aware of your devotion.
You visited 1 branch of the dungeon, and saw 8 of its levels.

You collected 289 gold pieces.
You spent 130 gold pieces at shops.


Innate Abilities, Weirdness & Mutations

You are very small and have problems with some larger weapons.
You are too small for most types of armour.
You have supernaturally acute eyesight. (SInv)
You cover ground extremely quickly. (Speed+++)


   Skills:
 - Level 4.4(9.4) Fighting
 + Level 10.2(15.2) Ranged Weapons
 - Level 12.0(17.0) Dodging
 - Level 1.5(6.5) Stealth
 - Level 4.0 Invocations


You had 9 spell levels left.
You didn't know any spells.
Your spell library was empty.

Inventory:

Hand Weapons
 a - a +1 shortbow of draining (weapon)
Armour
 b - a scarf of repulsion (worn)
 c - a +2 cloak
 o - a +1 troll leather armour (worn)
Jewellery
 d - a +6 ring of dexterity (left hand)
 g - a ring of protection from fire (right hand)
Wands
 h - a wand of polymorph (6)
 m - a wand of light (10)
Scrolls
 i - 3 scrolls of identify
 n - 2 scrolls of teleportation
Potions
 e - 6 potions of curing
 f - 2 potions of enlightenment
 k - a potion of resistance
 l - a potion of heal wounds

Dungeon Overview and Level Annotations

Branches:
Dungeon (8/15)             Temple (0/1) D:7
   Lair: D:8-11

Altars:
Gozag
Nemelex Xobeh
Okawaru
Wu Jian

Shops:
D:4 *


Message History

As you read the scroll of identify, it crumbles to dust.
j - a scroll of enchant weapon
5582 ||| READING scroll of enchant weapon.
5582 ||| ENCHANTING +0 shortbow of draining.
Your +0 shortbow of draining glows red for a moment.
Done exploring.
What level of the Dungeon? (default 7, ? - help)
There is an open door here.
There is a stone staircase leading down here.
You climb downwards.
There is a stone staircase leading up here.
Waypoint 7 assigned to D:8.
Found a quarterstaff.
A two-headed ogre comes into view.
It is wielding a +0 giant club and a +0 giant spiked club.
5606 ||| INVOKING Heroism.
You gain the combat prowess of a mighty hero.
The two-headed ogre hits you with a +0 giant club!!
The two-headed ogre completely misses you.
You shoot an arrow. The arrow hits the two-headed ogre.
You drain the two-headed ogre.
The two-headed ogre is lightly wounded.
You shoot an arrow. The arrow hits the two-headed ogre!
The two-headed ogre is moderately wounded.
The two-headed ogre misses you. The two-headed ogre closely misses you.
You shoot an arrow. The arrow hits the two-headed ogre.
The two-headed ogre is moderately wounded.
You shoot an arrow. The arrow hits the two-headed ogre!
The two-headed ogre is heavily wounded.
The two-headed ogre hits you with a +0 giant club!
The two-headed ogre completely misses you.
You shoot an arrow. The arrow hits the two-headed ogre!
You drain the two-headed ogre.
The two-headed ogre is severely wounded.
You shoot an arrow. The arrow hits the two-headed ogre!
You drain the two-headed ogre.
The two-headed ogre is almost dead.
The two-headed ogre completely misses you.
The two-headed ogre hits you with a +0 giant spiked club!!
Ouch! That really hurt!
You die...

### ##
..#
$##...#
..#...#
#.#...#
#.....#
#@O.).+
#.#...#
####.#
..#
#....#
.#
#.####
.. #.#
.# #<#
# ###


You could see a two-headed ogre (drained).

Vanquished Creatures
  Maurice (D:7)
  Jeremiah (D:7)
  Maggie (D:7)
  A troll (D:6)
  Prince Ribbit (D:7)
  Menkaure (D:7)
  2 water moccasins
  Duvessa (D:7)
  2 orc warriors
  A black bear (D:6)
  An ice beast (D:7)
  An ogre (D:5)
  A phantom (D:4)
  2 kobold brigands
  5 bullfrogs
  2 scorpions
  5 wights (D:7)
  Dowan (D:7)
  2 howler monkeys (D:6)
  A bombardier beetle (D:7)
  A jelly (D:5)
  7 orc priests
  2 hounds
  2 sleepcaps
  6 iguanas
  7 orc wizards
  4 gnolls (D:4)
  6 adders
  2 white imps
  A dart slug (D:5)
  3 ribbon worms
  32 orcs
  8 endoplasms
  2 giant cockroaches
  9 goblins
  2 hobgoblins
  3 jackals
  30 kobolds
  A quokka (D:1)
  9 ball pythons
  3 bats
  2 frilled lizards
  4 rats
179 creatures vanquished.

Notes
Turn   | Place    | Note
-------+----------+-------------------------------------------
     0 | D:1      | qw the Spriggan Hunter began the quest for the Orb.
     0 | D:1      | Reached XP level 1. HP: 10/10 MP: 2/2
     0 | D:1      | 0 ||| qw: Version: 0.3-a-155-g5e7d8dd
     0 | D:1      | 0 ||| qw: Game counter: 1518
     0 | D:1      | 0 ||| qw: Melee chars always use a shield: true
     0 | D:1      | 0 ||| qw: God list: Okawaru
     0 | D:1      | 0 ||| qw: Allow faded altars: false
     0 | D:1      | 0 ||| qw: Do Orc after clearing Dungeon:15 true
     0 | D:1      | 0 ||| qw: Do second Lair branch before Depths: true
     0 | D:1      | 0 ||| qw: Lair rune preference: random
     0 | D:1      | 0 ||| qw: Goals: Normal
     0 | D:1      | 0 ||| PLANNING D:1-11
   154 | D:1      | Reached skill level 3 in Dodging
   312 | D:1      | Reached XP level 2. HP: 14/14 MP: 3/3
   416 | D:1      | Reached skill level 4 in Dodging
   588 | D:1      | 588 ||| UPGRADING to +6 ring of dexterity.
   589 | D:1      | 589 ||| DROPPING ring of flight.
   590 | D:1      | 590 ||| READING scroll labelled JINIZA MOSKU.
   691 | D:1      | 691 ||| DRINKING 3 white potions.
   692 | D:1      | 692 ||| DROPPING scroll of butterflies.
   804 | D:2      | Reached XP level 3. HP: 18/18 MP: 4/4
   992 | D:2      | Found a faded altar of an unknown god.
  1084 | D:2      | Reached skill level 5 in Dodging
  1432 | D:2      | 1432 ||| READING scroll labelled ESO ACZOMAME.
  1433 | D:2      | 1433 ||| READING scroll labelled SUITZE DONYAL.
  1433 | D:2      | 1433 ||| BRANDING +0 shortbow.
  1434 | D:2      | 1434 ||| READING 2 scrolls labelled DOTISM VYRI.
  1434 | D:2      | 1434 ||| IDENTIFYING grey potion
  1435 | D:2      | 1435 ||| READING scroll of identify.
  1435 | D:2      | 1435 ||| IDENTIFYING golden potion
  1436 | D:2      | 1436 ||| DROPPING potion of attraction.
  1437 | D:2      | 1437 ||| DROPPING potion of degeneration.
  1552 | D:3      | Reached XP level 4. HP: 19/22 MP: 5/5
  1655 | D:3      | Found a sparkling altar of Nemelex Xobeh.
  1876 | D:3      | Noticed a scorpion
  1877 | D:3      | 1877 ||| FLEEEEING.
  1878 | D:3      | 1878 ||| FLEEEEING.
  1882 | D:3      | 1882 ||| FLEEEEING.
  1883 | D:3      | 1883 ||| FLEEEEING.
  1885 | D:3      | 1885 ||| FLEEEEING.
  1886 | D:3      | 1886 ||| FLEEEEING.
  1887 | D:3      | 1887 ||| FLEEEEING.
  1888 | D:3      | 1888 ||| FLEEEEING.
  1889 | D:3      | 1889 ||| FLEEEEING.
  1891 | D:3      | 1891 ||| FLEEEEING.
  1892 | D:3      | 1892 ||| FLEEEEING.
  1893 | D:3      | 1893 ||| FLEEEEING.
  1894 | D:3      | 1894 ||| FLEEEEING.
  1895 | D:3      | 1895 ||| FLEEEEING.
  1899 | D:3      | Killed a scorpion
  1900 | D:3      | Reached XP level 5. HP: 24/25 MP: 6/6
  2234 | D:3      | 2234 ||| UPGRADING to scarf of repulsion.
  2239 | D:3      | 2239 ||| READING scroll of identify.
  2239 | D:3      | 2239 ||| IDENTIFYING sedimented blue potion
  2240 | D:3      | 2240 ||| READING scroll labelled XAL SUXTOZOA.
  2241 | D:3      | 2241 ||| READING scroll labelled TEUVYC PAOZ.
  2362 | D:4      | Found Ecvacoem's General Store.
  2370 | D:4      | 2370 ||| SHOPLISTING +5 sling of Res Nullius {freeze, rN++
                  | Dex+3} (669 gold, have 181).
  2370 | D:4      | 2370 ||| BUYING potion of haste (130 gold).
  2370 | D:4      | Bought a potion of haste for 130 gold pieces
  2370 | D:4      | 2370 ||| SHOPLISTING potion of mutation (104 gold, have
                  | 51).
  2370 | D:4      | 2370 ||| SHOPLISTING ring of ice (325 gold, have 51).
  2397 | D:4      | Noticed a phantom
  2398 | D:4      | 2398 ||| DRINKING 2 potions of haste.
  2408 | D:4      | Killed a phantom
  2409 | D:4      | Reached skill level 6 in Dodging
  2434 | D:4      | Reached XP level 6. HP: 30/30 MP: 7/7
  2784 | D:4      | 2784 ||| READING 2 scrolls of identify.
  2784 | D:4      | 2784 ||| IDENTIFYING clear potion
  2785 | D:4      | 2785 ||| READING scroll of identify.
  2785 | D:4      | 2785 ||| IDENTIFYING 2 smoky orange potions
  2786 | D:4      | 2786 ||| DROPPING potion of magic.
  2806 | D:5      | Entered Level 5 of the Dungeon
  2862 | D:5      | Reached skill level 6 in Ranged Weapons
  2868 | D:5      | Reached skill level 7 in Dodging
  2871 | D:5      | HP: 6/30 [orc/+0 morningstar (3)]
  3152 | D:5      | Reached XP level 7. HP: 35/35 MP: 8/8
  3161 | D:5      | Reached skill level 8 in Dodging
  3500 | D:5      | Reached skill level 9 in Dodging
  3764 | D:5      | 3764 ||| READING 3 scrolls of identify.
  3764 | D:5      | 3764 ||| IDENTIFYING fizzy orange potion
  3765 | D:5      | 3765 ||| READING 2 scrolls of identify.
  3765 | D:5      | 3765 ||| IDENTIFYING 2 cyan potions
  3766 | D:5      | 3766 ||| READING scroll of identify.
  3766 | D:5      | 3766 ||| IDENTIFYING scroll labelled KUAPECV FATYR
  3767 | D:5      | 3767 ||| READING scroll labelled ZUIFAH WEP URA.
  3767 | D:5      | 3767 ||| ENCHANTING +0 shortbow of draining.
  3768 | D:5      | 3768 ||| DROPPING scroll of poison.
  3814 | D:6      | Reached XP level 8. HP: 39/39 MP: 9/9
  4080 | D:6      | Reached skill level 3 in Fighting
  4212 | D:6      | Reached skill level 9 in Ranged Weapons
  4237 | D:6      | Noticed a troll
  4238 | D:6      | 4238 ||| DRINKING potion of haste.
  4250 | D:6      | Killed a troll
  4251 | D:6      | Reached skill level 10 in Dodging
  4264 | D:6      | Reached XP level 9. HP: 42/44 MP: 10/10
  4288 | D:6      | Found the +18 Lear's hauberk
  4436 | D:6      | Found an ornate altar of the Wu Jian Council.
  4437 | D:6      | Found an opulent altar of Gozag.
  4567 | D:6      | 4567 ||| UPGRADING to +0 troll leather armour.
  4577 | D:6      | 4577 ||| DROPPING +0 robe.
  4578 | D:6      | 4578 ||| READING scroll of enchant armour.
  4578 | D:6      | 4578 ||| ENCHANTING +0 troll leather armour.
  4579 | D:6      | 4579 ||| UPGRADING to ring of protection from fire.
  4580 | D:6      | 4580 ||| READING 4 scrolls of identify.
  4580 | D:6      | 4580 ||| IDENTIFYING scroll labelled MYFRYE CEUT
  4605 | D:7      | Noticed Jeremiah
  4605 | D:7      | 4605 ||| ZAPPING wand of light (10) at 4,4 (Jeremiah;
                  | floor).
  4606 | D:7      | 4606 ||| ZAPPING wand of light (9) at 4,4 (Jeremiah;
                  | floor).
  4607 | D:7      | 4607 ||| ZAPPING wand of light (8) at 4,3 (Jeremiah;
                  | floor).
  4609 | D:7      | 4609 ||| ZAPPING wand of light (7) at 5,2 (Jeremiah;
                  | floor).
  4610 | D:7      | 4610 ||| ZAPPING wand of light (6) at 5,2 (Jeremiah;
                  | floor).
  4611 | D:7      | 4611 ||| ZAPPING wand of light (5) at 5,2 (Jeremiah;
                  | floor).
  4612 | D:7      | 4612 ||| ZAPPING wand of light (4) at 5,2 (Jeremiah;
                  | floor).
  4612 | D:7      | Killed Jeremiah
  4632 | D:7      | Found an iron altar of Okawaru.
  4633 | D:7      | 4633 ||| PLANNING OKAWARU WORSHIP
  4638 | D:7      | Became a worshipper of Warmaster Okawaru
  4639 | D:7      | 4639 ||| PLANNING D:1-11
  4664 | D:7      | 4664 ||| RETREEEEATING.
  4665 | D:7      | 4665 ||| RETREEEEATING.
  4667 | D:7      | 4667 ||| RETREEEEATING.
  4668 | D:7      | 4668 ||| RETREEEEATING.
  4670 | D:7      | 4670 ||| RETREEEEATING.
  4675 | D:7      | 4675 ||| RETREEEEATING.
  4679 | D:7      | 4679 ||| RETREEEEATING.
  4680 | D:7      | 4680 ||| RETREEEEATING.
  4681 | D:7      | 4681 ||| RETREEEEATING.
  4686 | D:7      | 4686 ||| RETREEEEATING.
  4687 | D:7      | 4687 ||| FLEEEEING.
  4699 | D:7      | 4699 ||| FLEEEEING.
  4700 | D:7      | 4700 ||| FLEEEEING.
  4701 | D:7      | 4701 ||| FLEEEEING.
  4702 | D:7      | 4702 ||| FLEEEEING.
  4703 | D:7      | 4703 ||| FLEEEEING.
  4705 | D:7      | 4705 ||| FLEEEEING.
  4706 | D:7      | 4706 ||| FLEEEEING.
  4707 | D:7      | 4707 ||| FLEEEEING.
  4711 | D:7      | 4711 ||| FLEEEEING.
  4716 | D:7      | Reached skill level 11 in Dodging
  4763 | D:7      | Noticed Maurice
  4764 | D:7      | 4764 ||| ZAPPING wand of light (3) at -3,2 (Maurice;
                  | floor).
  4765 | D:7      | 4765 ||| ZAPPING wand of light (2) at -3,2 (Maurice;
                  | floor).
  4766 | D:7      | 4766 ||| ZAPPING wand of light (1) at -4,3 (Maurice;
                  | floor).
  4780 | D:7      | Maurice stole 22 gold
  4785 | D:7      | Maurice stole 120 gold
  4795 | D:7      | Killed Maurice
  4795 | D:7      | Reached * piety under Okawaru
  4915 | D:7      | Reached skill level 1 in Invocations
  5065 | D:7      | Found a staircase to the Ecumenical Temple.
  5067 | D:7      | Noticed Menkaure
  5074 | D:7      | Noticed Duvessa
  5075 | D:7      | Noticed Dowan
  5076 | D:7      | 5076 ||| RETREEEEATING.
  5077 | D:7      | 5077 ||| RETREEEEATING.
  5079 | D:7      | Killed Menkaure
  5088 | D:7      | Killed Duvessa
  5089 | D:7      | 5089 ||| INVOKING Heroism.
  5092 | D:7      | Killed Dowan
  5093 | D:7      | Reached skill level 3 in Invocations
  5126 | D:7      | HP: 4/46 [orc priest/divine providence (11)]
  5127 | D:7      | 5127 ||| READING 3 scrolls of teleportation.
  5128 | D:7      | 5128 ||| DRINKING 2 potions of heal wounds.
  5240 | D:7      | Noticed Maggie
  5241 | D:7      | 5241 ||| INVOKING Heroism.
  5254 | D:7      | Killed Maggie
  5255 | D:7      | Reached skill level 12 in Dodging
  5270 | D:7      | Noticed Prince Ribbit
  5282 | D:7      | Killed Prince Ribbit
  5282 | D:7      | Reached ** piety under Okawaru
  5283 | D:7      | Reached XP level 10. HP: 51/51 MP: 12/14
  5581 | D:7      | 5581 ||| READING 4 scrolls of identify.
  5581 | D:7      | 5581 ||| IDENTIFYING scroll labelled ROMIRR YFAKH
  5582 | D:7      | 5582 ||| READING scroll of enchant weapon.
  5582 | D:7      | 5582 ||| ENCHANTING +0 shortbow of draining.
  5605 | D:8      | Noticed a two-headed ogre
  5606 | D:8      | 5606 ||| INVOKING Heroism.
  5612 | D:8      | Mangled by a two-headed ogre

Levels and vault maps discovered:
D:1:      dpeg_cavernosity, layout_basic
D:2:      layout_basic, basic_ecumenical_altar
D:3:      minmay_spotlight, layout_loops_ring, nemelex_spade_bored_becter
D:4:      layout_cave_pools, serial_shops,
          nicolae_shop_competitors_out_of_business
D:5:      kennysheep_kobold_camp, layout_basic
D:6:      layout_loops_ring, mainiacjoe_overflow_divided_tiny,
          hellmonk_guarded_unrand_lears
D:7:      layout_gridville, mainiacjoe_overflow_six_doors_small,
          minmay_temple_entry_glass, uniq_prince_ribbit1, uniq_maggie,
          uniq_jeremiah, uniq_duvessa, uniq_menkaure, uniq_maurice
D:8:      layout_basic, mainiacjoe_overflow_catwalk_spiral,
          amcnicky_altar_gilded, regret_index_xom_of_box, chequers_garden,
          kennysheep_small_circle, uniq_psyche

Skill      XL: |  1  2  3  4  5  6  7  8  9 |
---------------+----------------------------+-----
Dodging        | 3 4 5 6 7 9 10 12 | 12.0
Ranged Weapons | 5 6 7 9 10 | 10.2
Fighting       | 2 3 4 |  4.4
Invocations    | 4 |  4.0
Stealth        | |  1.5

Action                     |  1- 3 |  4- 6 |  7- 9 | 10-12 || total
---------------------------+-------+-------+-------+-------++-------
   Fire: Shortbow          |    86 |   147 |   332 |    29 ||   594
 Invoke: Heroism           |       |       |     2 |     1 ||     3
  Evoke: Wand              |       |       |    10 |       ||    10
    Use: Scroll            |     5 |     5 |     7 |     2 ||    19
         Potion            |     1 |     1 |     2 |       ||     4
 Armour: Robe              |     2 |     5 |    22 |       ||    29
         Troll leather arm |       |       |     9 |     3 ||    12
  Dodge: Dodged            |    25 |    21 |   192 |     7 ||   245
         Repelled          |       |     1 |     2 |     1 ||     4

Table legend:
 A = Non-vault XP
 B = Vault XP
 C = Vault XP percentage of total XP
 D = Non-vault monster count
 E = Vault monster count
 F = Vault count percentage of total count
                 A         B        C        D         E       F
            +---------+---------+-------+---------+---------+-------
      Total |    3548 |    2300 |  39.3 |     143 |      36 |  20.1
            +---------+---------+-------+---------+---------+-------
        D:1 |      16 |       7 |  30.4 |      11 |       4 |  26.7
        D:2 |      62 |       0 |   0.0 |      21 |       0 |   0.0
        D:3 |     119 |       5 |   4.0 |       9 |       3 |  25.0
        D:4 |     322 |       0 |   0.0 |      23 |       0 |   0.0
        D:5 |     716 |     126 |  15.0 |      36 |      21 |  36.8
        D:6 |    1173 |     322 |  21.5 |      27 |       1 |   3.6
        D:7 |    1140 |    1840 |  61.7 |      16 |       7 |  30.4
            +---------+---------+-------+---------+---------+-------
